Map: Ancient Cistern LE

Players

IIIIIIIIIIII

  • Race: Protoss Protoss
  • League: Master

RubyNinja

  • Race: Protoss Protoss
  • League: Master

Alexandria

  • Race: Protoss Protoss

Hexe

  • Race: Protoss Protoss

Highdra

  • Race: Protoss Protoss

SoPro

  • Race: Protoss Protoss
  • Spawn Location: 1:00

kylos

  • Race: Protoss Protoss
  • League: Master
  • Spawn Location: 7:00

VOD

Have the link to the VOD?

Description

Time

  • Played on: Sept. 3, 2023, 7:27 a.m.
  • Length: 16:53
Show
View Real Time Build Order
Export as new Build Order

IIIIIIIIIIII Protoss 

Build Orders:  

Get SALT Encoding   

Show
View Real Time Build Order
Export as new Build Order

RubyNinja Protoss 

Build Orders:  

Get SALT Encoding   

Show
View Real Time Build Order
Export as new Build Order

Alexandria Protoss 

Build Orders:  

Get SALT Encoding   

Show
View Real Time Build Order
Export as new Build Order

Hexe Protoss 

Build Orders:  

Get SALT Encoding   

Show
View Real Time Build Order
Export as new Build Order

Highdra Protoss 

Build Orders:  

Get SALT Encoding   

Show
View Real Time Build Order
Export as new Build Order

SoPro Protoss 

Build Orders: Oracle Opening 

Get SALT Encoding   

  12  0:00  Probe  
  13  0:12  Probe  
  14  0:17  Pylon  
  14  0:24  Probe  
  14  0:27  Assimilator  
  15  0:32  Probe  
  15  0:42  Probe  
  16  0:43  Gateway  
  17  0:53  Probe  
  17  0:55  Assimilator  
  18  1:02  Probe  
  18  1:09  Gateway  
  18  1:10  Probe  
  20  1:19  Probe  
  21  1:31  Probe  
  22  1:36  Cybernetics Core  
  22  1:43  Pylon, Probe  
  23  2:01  Probe  
  24  2:12  Adept x2, Warp Gate  
  24  2:15  Probe  
  29  2:19  Pylon  
  29  2:25  Stargate  
  29  2:42  Stalker x2  
  32  2:54  Pylon  
  32  2:55  Probe  
  33  2:59  Oracle  
  33  3:11  Pylon  
  36  3:17  Probe  
  37  3:30  Nexus  
  38  3:37  Probe  
  38  3:43  Oracle  
  38  3:48  Probe  
  40  3:56  Probe, Twilight Council  
  41  4:04  Probe  
  42  4:13  Probe  
  43  4:24  Stalker x2  
  47  4:30  Pylon  
  47  4:33  Blink  
  47  4:36  Shield Battery  
  47  4:42  Probe  
  46  4:50  Probe  
  47  4:54  Probe  
  47  4:57  Stalker  
  47  4:58  Stalker  
  52  5:02  Probe  
  52  5:06  Probe  
  54  5:13  Gateway  
  54  5:14  Probe  
  55  5:18  Gateway, Probe  
  56  5:26  Probe  
  57  5:37  Probe  
  57  5:38  Probe  
  57  5:40  Stalker x2  
  63  5:45  Assimilator  
  63  6:01  Probe x2  
  65  6:04  Stalker x2  
  65  6:10  Stalker  
  68  6:12  Nexus  
  68  6:16  Stalker  
  70  6:20  Pylon  
  70  6:25  Pylon  
  70  6:35  Robotics Facility  
  70  6:38  Probe x2  
  72  6:41  Shield Battery  
  69  6:50  Probe x2  
  71  6:56  Forge  
  71  6:59  Pylon, Charge  
  71  7:02  Probe x2  
  73  7:11  Probe x2  
  73  7:12  Stalker x2  
  73  7:13  Protoss Ground Weapons Level 1 (Chrono Boost), Stalker x2  
  83  7:19  Probe x2  
  83  7:23  Observer  
  83  7:24  Probe  
  83  7:28  Probe  
  87  7:30  Photon Cannon  
  87  7:32  Photon Cannon  
  88  7:38  Stalker  
  88  7:41  Immortal  
  88  7:42  Stalker  
  92  7:55  Photon Cannon  
  95  8:16  Warp Prism, Gateway  
  95  8:17  Gateway  
  95  8:19  Gateway  
  95  8:20  Gateway  
  97  8:29  Gateway  
  97  8:30  Zealot x2  
  97  8:31  Zealot, Observer  
  97  8:33  Zealot  
  105  8:39  Pylon  
  105  8:45  Immortal  
  105  8:49  Templar Archives, Pylon  
  105  8:51  Observer  
  105  8:57  Protoss Ground Weapons Level 2, Pylon  
  109  9:05  Zealot  
  109  9:06  Zealot x3  
  117  9:16  Stalker  
  119  9:20  Zealot x2  
  119  9:21  Zealot  
  119  9:22  Nexus  
  125  9:35  Immortal  
  129  9:42  Stalker x2  
  132  9:46  Observer  
  132  9:53  Pylon  
  132  9:55  Pylon  
  132  9:56  Pylon  
  130  10:01  Pylon, Observer  
  130  10:04  Probe x3  
  133  10:13  High Templar x4  
  141  10:19  Zealot x5  
  141  10:20  Archon x2  
  151  10:22  Assimilator, Probe x3  
  151  10:24  Immortal, Assimilator  
  154  10:34  Probe  
  158  10:40  Stalker x2  
  160  10:50  Pylon  
  160  10:51  Pylon  
  160  10:54  Protoss Ground Weapons Level 3  
  160  10:58  Photon Cannon  
  160  11:00  Shield Battery  
  160  11:02  Immortal  
  161  11:14  Zealot x9  
  123  11:33  Immortal  
  109  11:43  Zealot x4  
  109  11:44  Zealot x5  
  121  11:50  Probe x3  
  121  11:51  Probe  
  88  12:04  Immortal  
  84  12:16  Zealot, High Templar x2  
  84  12:17  Zealot x6  
  84  12:20  Archon  
  93  12:39  Stalker x2  
  93  12:40  Immortal, Stalker x3  
  93  12:42  Adept x2  
  106  13:08  Zealot  
  106  13:09  Zealot x6  
  106  13:11  High Templar x2  
  124  13:13  Immortal  
  124  13:15  Archon  
  124  13:31  Zealot, Stalker x2  
  124  13:32  Zealot x2  
  134  13:42  Zealot x2  
  134  13:43  Zealot x2  
  142  13:53  Observer  
  143  14:02  Zealot  
  141  14:03  Zealot x6  
  152  14:13  Immortal  
  150  14:21  Zealot x2  
  158  14:25  Zealot  
  158  14:26  Zealot x3  
  166  14:37  Zealot x3  
  170  14:42  Stalker  
  172  14:49  Stalker  
  172  14:50  Pylon  
  170  15:00  Pylon  
  170  15:02  Pylon  
  127  15:35  Nexus  
  127  15:37  Pylon  
  121  15:52  Pylon x2  
  121  15:54  Pylon  
  117  16:13  Stalker x2  
Show
View Real Time Build Order
Export as new Build Order

kylos Protoss 

Build Orders:  

Get SALT Encoding   

  12  0:00  Probe  
  13  0:12  Probe  
  14  0:17  Pylon  
  14  0:24  Probe  
  15  0:36  Probe (Chrono Boost)  
  15  0:37  Gateway  
  16  0:46  Assimilator  
  16  0:47  Probe (Chrono Boost)  
  17  0:51  Probe (Chrono Boost)  
  17  0:54  Assimilator  
  18  1:03  Probe  
  19  1:08  Gateway  
  19  1:15  Probe (Chrono Boost)  
  20  1:24  Cybernetics Core  
  20  1:25  Probe (Chrono Boost)  
  21  1:30  Probe (Chrono Boost)  
  22  1:33  Pylon  
  22  1:41  Probe  
  23  1:53  Probe  
  24  2:01  Adept x2, Warp Gate  
  28  2:06  Probe  
  29  2:14  Pylon  
  29  2:36  Stalker x2  
  33  2:48  Nexus  
  33  2:51  Probe  
  34  3:08  Sentry  
  36  3:18  Stargate  
  36  3:20  Pylon  
  34  3:32  Pylon  
  34  3:40  Shield Battery  
  34  3:50  Stalker x2  
  38  3:57  Probe  
  38  3:58  Shield Battery  
  38  3:59  Probe  
  38  4:01  Phoenix  
  42  4:07  Probe  
  42  4:09  Probe  
  41  4:13  Phoenix  
  41  4:16  Oracle, Probe  
  41  4:21  Probe  
  43  4:25  Twilight Council  
  43  4:28  Probe  
  46  4:41  Oracle  
  46  4:42  Probe x2  
  48  4:54  Probe  
  48  4:55  Forge  
  48  4:58  Probe  
  53  5:06  Probe  
  54  5:10  Oracle  
  54  5:13  Assimilator, Probe  
  58  5:26  Probe  
  58  5:27  Probe  
  60  5:34  Gateway  
  60  5:35  Protoss Ground Weapons Level 1 (Chrono Boost)  
  60  5:36  Gateway  
  60  5:38  Pylon, Probe  
  60  5:39  Probe  
  62  5:49  Pylon  
  56  6:01  Probe x2  
  56  6:03  Nexus, Blink  
  57  6:04  Stalker  
  57  6:05  Stalker  
  61  6:13  Probe  
  61  6:15  Probe  
  63  6:30  Stalker x2  
  66  6:43  Probe x2  
  68  6:49  Stalker x2  
  68  6:51  Assimilator  
  72  6:56  Probe x2  
  72  7:00  Stalker x2  
  78  7:02  Shield Battery  
  78  7:04  Pylon  
  78  7:05  Pylon  
  78  7:19  Pylon  
  78  7:20  Pylon  
  79  7:22  Probe  
  79  7:24  Stalker x4  
  87  7:31  Oracle  
  87  7:41  Probe x2  
  87  7:43  Nexus  
  92  7:54  Probe x2  
  92  7:55  Pylon, Stalker  
  92  7:56  Stalker  
  98  8:00  Protoss Ground Weapons Level 2  
  98  8:13  Stalker  
  98  8:14  Stalker  
  98  8:19  Charge, Probe x2  
  104  8:25  Shield Battery  
  101  8:31  Probe x2  
  101  8:33  Stalker  
  105  8:42  Pylon  
  105  8:43  Probe  
  105  8:44  Stalker x2, Probe  
  111  8:54  Stalker  
  111  8:55  Probe x2  
  114  8:56  Probe  
  116  9:04  Stalker  
  116  9:05  Assimilator  
  116  9:07  Probe  
  116  9:08  Probe  
  120  9:16  Probe  
  121  9:19  Probe  
  121  9:20  Probe  
  123  9:29  Stalker x4  
  131  9:36  Gateway  
  131  9:38  Gateway  
  131  9:40  Gateway  
  131  9:42  Gateway  
  131  9:55  Probe x2  
  133  10:05  Pylon  
  133  10:08  Robotics Facility, Stalker x2  
  133  10:09  Stalker x2  
  141  10:16  Pylon x2  
  141  10:18  Pylon  
  141  10:25  Nexus  
  141  10:27  Pylon  
  139  10:36  Protoss Ground Weapons Level 3  
  139  10:37  Stalker x7  
  153  10:53  Probe x2  
  153  10:54  Probe  
  153  10:55  Observer  
  157  11:00  Stalker x2  
  157  11:01  Stalker x3  
  157  11:21  Stalker x3  
  152  11:31  Stalker x5  
  140  11:46  Stalker x3  
  134  11:51  Templar Archives  
  134  11:53  Gateway  
  134  11:54  Stalker x4  
  124  11:57  Assimilator  
  122  12:01  Stalker  
  122  12:10  Stalker x2  
  122  12:11  Stalker  
  122  12:13  Warp Prism (Chrono Boost)  
  128  12:19  Nexus  
  130  12:33  Stalker x5  
  140  12:45  Stalker  
  140  12:46  Stalker x2  
  140  12:50  Stalker  
  148  12:58  Stalker  
  148  12:59  Stalker x3  
  148  13:00  Stalker  
  157  13:18  Protoss Ground Armor Level 1  
  155  13:22  Probe x3  
  155  13:26  Robotics Bay  
  158  13:31  Robotics Facility  
  158  13:32  Probe  
  158  13:34  Probe  
  160  13:43  Assimilator  
  160  13:45  Probe  
  160  13:47  Probe x3  
  164  13:48  Stalker x6  
  164  13:55  Pylon  
  176  14:00  Pylon  
  176  14:03  Pylon  
  176  14:11  Probe x3  
  176  14:14  Disruptor  
  179  14:21  Disruptor  
  179  14:24  Stalker x5  
  189  14:26  Assimilator  
  189  14:29  Robotics Facility  
  189  14:31  Probe  
  194  14:35  Photon Cannon  
  194  14:37  Photon Cannon  
  192  14:41  Warp Prism  
  192  14:43  Stalker  
  196  14:57  Disruptor  
  184  15:03  Stalker x4  
  184  15:05  High Templar x3  
  179  15:08  Zealot, Stalker  
  173  15:15  Archon  
  173  15:19  Observer  
  173  15:20  Observer  
  173  15:40  Observer  
  173  15:41  Observer  
  162  15:47  Probe  
  158  15:55  Probe  
  159  16:04  Disruptor  
  159  16:10  Observer  
  160  16:16  Probe  
  160  16:17  Probe  
  158  16:29  Probe  
  135  16:40  Stalker x2  
  135  16:41  Stalker x2  
Tags
 
Add a new tag
Caveats
  • Supply blocks, unpowered buildings, or Contaminate may cause inaccurate times.
  • Supply counts are checked every 10 seconds.